 Dungeon Crawl Stone Soup version 0.28.0 (webtiles) character file.

Game seed: 15609965342770414448

556 cbfl8 the Chopper (level 7, -3/93 HPs)
             Began as a Minotaur Berserker on Feb 14, 2022.
             Was a Priest of Trog.
             Succumbed to a gnoll sergeant's poison
             ... on level 4 of the Dungeon.
             The game lasted 00:09:35 (3674 turns).

cbfl8 the Chopper (Minotaur Berserker)              Turns: 3674, Time: 00:09:35

Health: -3/93      AC: 10    Str: 30    XL:     7   Next: 8%
Magic:  6/6        EV:  9    Int:  4    God:    Trog [***...]
Gold:   125        SH:  0    Dex:  9    Spells: 6/6 levels left

rFire   + . .      SeeInvis .   e - +0 hand axe (freeze)
rCold   . . .      Faith    .   (no shield)
rNeg    . . .      Spirit   .   u - +1 chain mail {rF+}
rPois   .          Reflect  .   (helmet restricted)
rElec   .          Harm     .   (no cloak)
rCorr   .          Rampage  .   (no gloves)
Will    .....                   (no boots)
Stlth   ..........              (no amulet)
HPRegen 0.25/turn               n - +6 ring of strength
MPRegen 0.10/turn               (no ring)

@: berserking, lethally poisoned (-3 -> -44), very quick
A: horns 2, retaliatory headbutt
a: Renounce Religion, Berserk, Trog's Hand


You were on level 4 of the Dungeon.
You worshipped Trog.
Trog was most pleased with you.
You visited 1 branch of the dungeon, and saw 5 of its levels.

You collected 221 gold pieces.
You spent 96 gold pieces at shops.

Inventory:

Hand Weapons
 a - a +0 hand axe
 e - a +0 hand axe of freezing (weapon)
Armour
 b - a +0 animal skin
 c - a +0 ring mail
 f - a +0 scale mail
 u - a +1 chain mail of fire resistance (worn)
Jewellery
 n - a +6 ring of strength (left hand)
Wands
 s - a wand of flame (11)
Scrolls
 d - 4 scrolls of identify {unknown}
 g - a scroll of magic mapping {unknown}
 i - a scroll of teleportation {unknown}
 k - a scroll of fear {unknown}
 q - a scroll of enchant armour {unknown}
 r - a scroll of enchant weapon {unknown}
 v - a scroll of vulnerability {unknown}
Potions
 h - a potion of haste {unknown}
 j - a potion of degeneration {unknown}
 l - a potion of attraction {unknown}
 m - 2 potions of berserk rage {unknown}
 t - 2 potions of flight {unknown}


   Skills:
 + Level 5.8 Fighting
 + Level 6.8 Axes
 + Level 4.7 Armour
 + Level 3.5 Dodging
 + Level 0.2 Stealth


You had 6 spell levels left.
You didn't know any spells.
Your spell library contained the following spells:

 Spells                   Type           Power      Damage    Failure   Level
 Magic Dart               Conj           0%         1d3       95%         1
 Slow                     Hex            0%         N/A       95%         1
 Call Imp                 Summ           0%         N/A       99%         2
 Ensorcelled Hibernation  Hex/Ice        0%         N/A       99%         2
 Passwall                 Tmut/Erth      0%         N/A       99%         2
 Confusing Touch          Hex            0%         N/A       100%        3
 Mephitic Cloud           Conj/Pois/Air  0%         N/A       100%        3
 Swiftness                Air            0%         N/A       100%        3
 Vampiric Draining        Necr           0%         2d6       100%        3
 Dispersal                Tloc           0%         N/A       100%        6
 Disjunction              Tloc           0%         N/A       100%        8


Dungeon Overview and Level Annotations

Branches:
Dungeon (5/15)
 Temple: D:4-7

Altars:

Shops:
D:3 !


Innate Abilities, Weirdness & Mutations

You have a pair of horns on your head.
You reflexively headbutt those who attack you in melee.


Message History

The gnoll sergeant is almost dead.
* * * LOW HITPOINT WARNING * * *
You feel very sick.
The gnoll sergeant hits you with a +0 trident of venom.
* * * LOW HITPOINT WARNING * * *
You are more poisoned.
You feel better.
The gnoll sergeant hits you with a +0 trident of venom.
* * * LOW HITPOINT WARNING * * *
You feel much better.
The gnoll sergeant hits you with a +0 trident of venom!
You are poisoned.
You barely miss the gnoll sergeant.
The gnoll sergeant is almost dead.
You feel very sick.
The gnoll sergeant hits you with a +0 trident of venom!
You are lethally poisoned!
You hit the gnoll sergeant but do no damage.
The gnoll sergeant is almost dead.
* * * LOW HITPOINT WARNING * * *
You feel very sick.
The gnoll sergeant hits you with a +0 trident of venom.
* * * LOW HITPOINT WARNING * * *
You are more poisoned.
The gnoll sergeant blocks your attack.
The gnoll sergeant is almost dead.
* * * LOW HITPOINT WARNING * * *
You feel extremely sick.
The gnoll sergeant hits you but does no damage.
You are more poisoned.
A red film seems to cover your vision as you go berserk!
You feel yourself moving faster!
You feel mighty!
* * * LOW HITPOINT WARNING * * *
You feel extremely sick.
The gnoll sergeant hits you but does no damage.
You are more poisoned.
You slash the gnoll sergeant! You freeze the gnoll sergeant.
You kill the gnoll sergeant!
Trog accepts your kill.
You die...

.....##........#...>.#
............#......###
.....##...####....(#
......###...#####..#
..............##...##
....................######
###...................#..##
................).........#
.........#......@>......###
###.#..#..#....#....##### #
####.^..#...##.....#
#####..#....####.....#
.#.###.####...#..##..#
....##.###........#..#
###.#...#....#####...#
##.........## #...###
##.....).###.###..##


There were no monsters in sight!

Vanquished Creatures
  A water moccasin (D:4)
  A gnoll sergeant (D:4)
  A scorpion (D:4)
  A howler monkey (D:4)
  A hound (D:4)
  3 orc priests
  Ijyb (D:3)
  An iguana (D:4)
  2 orc wizards (D:3)
  3 adders
  2 worms
  6 orcs
  9 ball pythons
  8 bats
  2 endoplasms
  6 giant cockroaches
  16 goblins
  7 hobgoblins
  11 jackals
  5 kobolds
  4 quokkas
  2 frilled lizards
  4 rats
97 creatures vanquished.

Notes
Turn   | Place    | Note
-------+----------+-------------------------------------------
     0 | D:1      | cbfl8 the Minotaur Berserker began the quest for the Orb.
     0 | D:1      | Reached XP level 1. HP: 19/19 MP: 0/0
   278 | D:1      | Reached XP level 2. HP: 24/27 MP: 1/1
   280 | D:1      | Reached skill level 4 in Axes
   825 | D:2      | You fall into a shaft and drop 2 floors!
   846 | D:4      | Noticed a scorpion
   855 | D:4      | Killed a scorpion
   856 | D:4      | Reached XP level 3. HP: 34/34 MP: 2/2
   856 | D:4      | Reached XP level 4. HP: 41/41 MP: 3/3
   904 | D:4      | Reached skill level 5 in Axes
   907 | D:4      | Reached XP level 5. HP: 47/47 MP: 4/4
  1008 | D:4      | Reached ** piety under Trog
  1034 | D:4      | Reached skill level 5 in Fighting
  1597 | D:5      | Entered Level 5 of the Dungeon
  1702 | D:3      | Reached skill level 6 in Axes
  1702 | D:3      | Reached XP level 6. HP: 56/56 MP: 5/5
  1866 | D:3      | Found Izul Obb's Distillery.
  1901 | D:3      | Bought a potion of curing for 36 gold pieces
  1901 | D:3      | Bought a potion of heal wounds for 60 gold pieces
  2401 | D:3      | Noticed Ijyb
  2410 | D:3      | Killed Ijyb
  2410 | D:3      | Reached *** piety under Trog
  2929 | D:2      | Found a faded altar of an unknown god.
  3454 | D:5      | Noticed a water moccasin
  3460 | D:4      | Killed a water moccasin
  3461 | D:4      | Reached XP level 7. HP: 29/62 MP: 6/6
  3673 | D:4      | HP: 4/93 [poisoned by a gnoll sergeant]
  3674 | D:4      | Succumbed to a gnoll sergeant's poison

Illustrated notes

Levels and vault maps discovered:
D:1:      shiori_arrival_elements, layout_basic, lemuel_old_faithful
D:2:      layout_basic, ebering_ecumenical_altar_webs
D:3:      kennysheep_goblin_castle, layout_basic, serial_shops,
          nicolae_lakefront_shop, chequers_jeans
D:4:      layout_cave_pools
D:5:      layout_cave_pools, gammafunk_temple_overflow_elements,
          xom_confusion_cloud, minmay_misc_feat_pillars,
          kennysheep_small_square, uniq_eustachio, uniq_pikel

Skill      XL: |  1  2  3  4  5  6 |
---------------+-------------------+-----
Fighting       | 4 5 |  5.8
Axes           | 4 5 6 |  6.8
Armour         | 3 4 |  4.7
Dodging        | 3 |  3.5
Stealth        | |  0.2

Action                   |  1- 3 |  4- 6 |  7- 9 || total
-------------------------+-------+-------+-------++-------
Melee: Hand axe          |    43 |   122 |    18 ||   183
       Headbutt          |     3 |    13 |     2 ||    18
       Punch             |       |     3 |       ||     3
Invok: Berserk           |       |     1 |     1 ||     2
  Use: Potion            |       |       |     4 ||     4
Armor: Ring mail         |    10 |       |       ||    10
       Scale mail        |     2 |    58 |       ||    60
       Chain mail        |       |    30 |     4 ||    34
Dodge: Dodged            |    26 |   103 |     9 ||   138
